 Dungeon Crawl Stone Soup version 0.17.0-28-g6e173f8 (webtiles) character file.

427 gorblad the Skirmisher (level 6, -3/53 HPs)
             Began as a Demonspawn Fighter on Dec 2, 2015.
             Slain by Edmund
             ... wielding a +0 dire flail
              (7 damage)
             ... on level 4 of the Dungeon.
             The game lasted 00:09:18 (2478 turns).

gorblad the Skirmisher (Demonspawn Fighter)         Turns: 2478, Time: 00:09:18

Health: -3/53      AC:  7    Str: 18    XL:     6   Next: 65%
Magic:  6/6        EV:  7    Int:  9    God:
Gold:   135        SH: 11    Dex: 13    Spells: 0 memorised, 5 levels left

rFire  . . .     SeeInvis .     a - +0 trident
rCold  . . .     Clarity  .     b - +0 scale mail
rNeg   . . .     SustAt   .     c - +2 shield
rPois  .         Gourm    .     (no helmet)
rElec  .         Spirit   .     g - +0 cloak
rCorr  .         Warding  .     (no gloves)
rMut   .         Stasis   .     (no boots)
MR     .....                    (no amulet)
Stlth  +.........               (no ring)
                                (no ring)

@: not resistant to hostile enchantments, very unstealthy
A: claws 1, nightstalker 1, powered by death 1
a: no special abilities


You were on level 4 of the Dungeon.
You were not hungry.

You visited 1 branch of the dungeon, and saw 4 of its levels.

You collected 135 gold pieces.

Inventory:

Hand Weapons
 a - a +0 trident (weapon)
Armour
 b - a +0 scale mail (worn)
 c - a +2 shield (worn)
 g - a +0 cloak (worn)
Jewellery
 k - an uncursed ring of flight {unknown}
Wands
 d - a wand of frost (30)
Scrolls
 i - 2 scrolls of teleportation
 m - a scroll of remove curse
 o - a scroll of identify
Potions
 p - a potion of ambrosia {unknown}
Comestibles
 e - 6 bread rations
 f - a royal jelly
 h - a meat ration
 j - 16 fruits
 l - 3 chunks of flesh
 q - a beef jerky


   Skills:
 - Level 6.5 Fighting
 + Level 3.8 Polearms
 - Level 2.6 Armour
 - Level 2.6 Shields


You had 5 spell levels left.
You didn't know any spells.

Dungeon Overview and Level Annotations

Branches:
Dungeon (4/15)
 Temple: D:4-7

Altars:
Nemelex Xobeh
Sif Muna
Yredelemnul

Annotations:
D:4 Edmund


Innate Abilities, Weirdness & Mutations

You have sharp fingernails.
You are slightly more attuned to the shadows.
You regenerate a little health from kills.


Message History

Edmund is severely wounded.
You block Edmund's attack.
You barely miss Edmund.
Edmund is severely wounded.
Edmund hits you but does no damage.
You hit Edmund.
Edmund is severely wounded.
Edmund hits you with a dire flail.
* * * LOW HITPOINT WARNING * * *
You barely miss Edmund.
Edmund is severely wounded.
Edmund hits you with a dire flail!
* * * LOW HITPOINT WARNING * * *
You closely miss Edmund.
Edmund is severely wounded.
Edmund barely misses you.
You completely miss Edmund.
Edmund is severely wounded.
Edmund hits you with a dire flail!
You die...

#....##
#.#..#.##
#.....#
#.##[...###
#...#.#
#.###.#...#
#.....# #.#
#..##.#
#.....######.
##..#..
#...#.....>#
## ##.
###...####...
#. ##....# #.
##@#....# ...
#@.###.. #...
##.# . #.#.
.. ..#. #..
(.# #. #..
#.. #.. ..


You could see Edmund.

Vanquished Creatures
  The ghost of gorblad the Skirmisher, an amateur DsGl of Nemelex Xobeh (D:3)
  A scorpion (D:4)
  A hound (D:4)
  An orc priest (D:3)
  2 worker ants (D:4)
  8 adders
  2 oozes
  2 worms
  3 giant geckos
  17 orcs
  3 ball pythons
  2 giant cockroaches
  7 goblins
  8 hobgoblins
  6 jackals
  4 bats
  4 giant newts
  A jackal skeleton (D:4)
  10 kobolds
  4 rats
87 creatures vanquished.

Notes
Turn   | Place    | Note
--------------------------------------------------------------
     0 | D:1      | gorblad the Demonspawn Fighter began the quest for the Orb.
     0 | D:1      | Reached XP level 1. HP: 18/18 MP: 1/1
   120 | D:1      | Gained mutation: You regenerate a little health from kills. [demonic ancestry]
   120 | D:1      | Reached XP level 2. HP: 24/24 MP: 2/2
   305 | D:1      | Reached skill level 4 in Fighting
   685 | D:2      | Found a sparkling altar of Nemelex Xobeh.
   706 | D:2      | Gained mutation: You are slightly more attuned to the shadows. [demonic ancestry]
   706 | D:2      | Reached XP level 3. HP: 22/30 MP: 3/3
  1083 | D:2      | Found a deep blue altar of Sif Muna.
  1221 | D:2      | Reached skill level 5 in Fighting
  1221 | D:2      | Gained mutation: You have sharp fingernails. [demonic ancestry]
  1221 | D:2      | Reached XP level 4. HP: 23/39 MP: 4/4
  1846 | D:3      | Reached XP level 5. HP: 20/46 MP: 5/5
  1923 | D:3      | Noticed gorblad's ghost (amateur DsGl)
  1939 | D:3      | HP: 2/46 [gorblad's ghost (12)]
  1944 | D:3      | Killed gorblad's ghost
  1944 | D:3      | Reached skill level 6 in Fighting
  2056 | D:3      | Reached XP level 6. HP: 48/53 MP: 6/6
  2335 | D:4      | Found a basalt altar of Yredelemnul.
  2438 | D:4      | Noticed Edmund
  2467 | D:4      | HP: 1/53 [Edmund/dire flail (10)]
  2478 | D:4      | Slain by Edmund

Action                   |  1- 3 |  4- 6 || total
-------------------------+-------+-------++-------
Melee: Trident           |   160 |   284 ||   444
  Use: Scroll            |     5 |     4 ||     9
       Potion            |     1 |     6 ||     7
  Eat: Chunk             |     1 |     5 ||     6
